 Dungeon Sprint DCSS version 0.32-a0-629-g87aaac5c70 (webtiles) character file.

Game seed: 9456398947522548385

14731 Revguard the Fetichist (level 12, -48/107 HPs)
             Began as a Coglin Gladiator on Mar 6, 2024.
             Was a Priest of Jiyva.
             Killed from afar by a deep elf annihilator (73 damage)
             ... with a crystal spear
             ... in the Dungeon (Sprint V: "Ziggurat Sprint").
             The game lasted 00:07:21 (623 turns).

Revguard the Fetichist (Coglin Gladiator)            Turns: 623, Time: 00:07:22

Health: -48/107    AC: 34    Str: 18    XL:     12   Next: 19%
Magic:  8/12       EV: 13    Int:  6    God:    Jiyva [***...]
Gold:   0          SH:  0    Dex: 23    Spells: 11/11 levels left

rFire   . . .        y - +16 obsidian axe {drain, demonic, Mesm ^Drain Fly SInv}
rCold   . . .        p - +9 broad axe of Salt {heavy, +Blink rPois rCorr}
rNeg    . . .        x - +15 Maxwell's patent armour {-Cast -Tele rElec Will+ rCorr}
rPois   +            c - +0 helmet
rElec   +            (no cloak)
rCorr   +            (no gloves)
SInv    +            (no boots)
Will    +....        (amulet unavailable) Stlth
                     (ring unavailable)
HPRegen 1.49/turn    (ring unavailable)
MPRegen 0.69/turn    (no gizmo)

%: no teleportation, no spellcasting
@: slimy, corroded, flying, mesmerised, revving
A: off-hand wielding, slow wielding, warmup strikes, no jewellery, iridescent
scales 2, agile 2
a: Invent Gizmo, Renounce Religion, Evoke Blink, Oozemancy


You were in the Dungeon.
You worshipped Jiyva.
Jiyva was most pleased with you.
You visited 1 branch

Inventory:

Hand Weapons
 p - the +9 broad axe of Salt (offhand) {heavy, +Blink rPois rCorr}
   (You found it in the Dungeon)

   rPois:     It protects you from poison.
   +Blink:    It lets you blink.
   rCorr:     It protects you from acid and corrosion.
 y - the +16 obsidian axe (weapon) {drain, demonic, Mesm ^Drain Fly SInv}
   (You found it in the Dungeon)

   Mesm:      Its wielder is mesmerised by any visible foes, and it cannot be
   unequipped while any foes are visible.
   SInv:      It lets you see invisible.
   Fly:       It grants you flight.
   ^Drain:    It drains your maximum health when unequipped.
Missiles
 d - 3 throwing nets (quivered)
 e - a javelin
Armour
 c - a +0 helmet (worn)
 x - the +15 Maxwell's patent armour (worn) {-Cast -Tele rElec Will+ rCorr}
   (You found it in the Dungeon)

   rElec:     It insulates you from electricity.
   Will+:     It increases your willpower.
   -Cast:     It prevents spellcasting.
   -Tele:     It prevents most forms of teleportation.
   rCorr:     It protects you from acid and corrosion.
Wands
 v - a wand of mindburst (17)
 w - a wand of acid (10)
 A - a wand of roots (10)
Scrolls
 l - 4 scrolls of blinking
 r - 4 scrolls of amnesia
 s - 7 scrolls of fog
 t - 5 scrolls of identify
 u - 2 scrolls of fear
Potions
 g - 10 potions of curing
 h - 7 potions of heal wounds
 i - 9 potions of haste
 j - 7 potions of magic
 k - 3 potions of berserk rage
 m - 2 potions of brilliance
 n - 2 potions of invisibility
 o - 4 potions of resistance
 q - 4 potions of might


   Skills:
 + Level 14.0 Fighting
 + Level 14.1 Axes
 - Level 1.7 Throwing
 + Level 13.0 Armour
 + Level 13.0 Dodging
 + Level 17.5 Evocations


You had 11 spell levels left.
You didn't know any spells.
Your spell library contained the following spells:

 Spells                   Type           Power      Damage    Failure   Level
 Slow                     Hex            0%         N/A       100%        1
 Sting                    Conj/Alch      0%         1d3       100%        1
 Blink                    Tloc           0%         N/A       100%        2
 Cigotuvi's Dreadful Rot  Necr/Alch/Air  0%         N/A       100%        2
 Lesser Beckoning         Tloc           0%         N/A       100%        2
 Mercury Vapours          Alch/Air       0%         N/A       100%        2
 Momentum Strike          Conj/Tloc      0%         3d8       100%        2
 Scorch                   Fire           0%         2d5       100%        2
 Searing Ray              Conj           0%         2d4       100%        2
 Static Discharge         Conj/Air       0%         3-3/arc   100%        2
 Sublimation of Blood     Necr           0%         N/A       100%        2
 Confusing Touch          Hex            0%         N/A       100%        3
 Gell's Gravitas          Tloc           0%         N/A       100%        3
 Hailstorm                Conj/Ice       0%         3d5       100%        3
 Mephitic Cloud           Conj/Alch/Air  0%         N/A       100%        3
 Sigil of Binding         Hex            0%         N/A       100%        3
 Summon Ice Beast         Ice/Summ       0%         N/A       100%        3
 Teleport Other           Tloc           0%         N/A       100%        3
 Vampiric Draining        Necr           0%         2d6       100%        3
 Airstrike                Air            0%         2d(0-16)  100%        4
 Anguish                  Hex/Necr       0%         N/A       100%        4
 Cause Fear               Hex            0%         N/A       100%        4
 Flame Wave               Conj/Fire      0%         2d4       100%        4
 Ignite Poison            Fire/Alch      0%         N/A       100%        4
 Iskenderun's Mystic Bla  Conj/Tloc      0%         2d3       100%        4
 Olgreb's Toxic Radiance  Alch           0%         N/A       100%        4
 Petrify                  Alch/Erth      0%         N/A       100%        4
 Summon Blazeheart Golem  Fire/Summ      0%         N/A       100%        4
 Summon Lightning Spire   Summ/Air       0%         N/A       100%        4
 Freezing Cloud           Conj/Ice/Air   0%         6-21      100%        5
 Irradiate                Conj/Alch      0%         3d11      100%        5
 Silence                  Hex/Air        0%         N/A       100%        5
 Conjure Ball Lightning   Conj/Air       0%         3x3d6     100%        6
 Dispersal                Tloc           0%         N/A       100%        6
 Sculpt Simulacrum        Ice/Alch       0%         N/A       100%        6
 Summon Cactus Giant      Summ           0%         N/A       100%        6
 Enfeeble                 Hex            0%         N/A       100%        7
 Haunt                    Necr/Summ      0%         N/A       100%        7
 Orb of Destruction       Conj           0%         9d5       100%        7
 Spellforged Servitor     Conj/Summ      0%         N/A       100%        7
 Borgnjor's Revivificati  Necr           0%         N/A       100%        8
 Discord                  Hex            0%         N/A       100%        8
 Disjunction              Tloc           0%         N/A       100%        8
 Death's Door             Necr           0%         N/A       100%        9


Dungeon Overview and Level Annotations

Branches:
Dungeon (1/1)

Altars:
Ashenzari
Cheibriados
Dithmenos
Elyvilon
Fedhas
Gozag
Hepliaklqana
Kikubaaqudgha
Makhleb
Nemelex Xobeh
Okawaru
Qazlal
Ru
Sif Muna
Trog
Uskayaw
Vehumet
Wu Jian
Xom
Yredelemnul
Zin
The Shining One
Beogh
Jiyva
Lugonu

Annotations:
D 1 transporter


Innate Abilities, Weirdness & Mutations

You can wield a second weapon in your off-hand.
It takes a long time for you to wield or remove held weapons.
Your first few attacks do less damage.
You cannot equip rings or amulets.
You are mostly covered in iridescent scales. (AC +4)
You are very agile. (Dex +8, Str/Int -2)


Message History

The fire elemental hits your soul eater.
The fire elemental burns your soul eater!
Your smoke demon hits the deep elf high priest but does no damage.
Your smoke demon closely misses the deep elf high priest.
Your smoke demon hits the deep elf high priest.
The deep elf blademaster hits you but does no damage. x2
The +2 vampiric trident closely misses you.
The deep elf high priest hits your smoke demon with a +0 scimitar!
The deep elf zephyrmancer mumbles some strange words.
The deep elf zephyrmancer blinks!
The deep elf annihilator mumbles some strange words.
The deep elf annihilator blinks!
The deep elf high priest invokes the aid of its god against you.
Something smites you!
* * * LOW HITPOINT WARNING * * *
Your soul eater hits the deep elf blademaster!
The deep elf sorcerer hits you with a +0 long sword.
* * * LOW HITPOINT WARNING * * *
You feel much better.
Visions of slaying the deep elf sorcerer flood into your mind.
The +2 vampiric trident hits you from afar!
* * * LOW HITPOINT WARNING * * *
The fire elemental hits your soul eater.
The fire elemental burns your soul eater!
The fire elemental hits your soul eater.
The fire elemental burns your soul eater!
The deep elf blademaster hits you with a +0 rapier.
* * * LOW HITPOINT WARNING * * *
The deep elf blademaster hits you but does no damage.
Your smoke demon hits the deep elf sorcerer.
Your smoke demon hits the deep elf sorcerer but does no damage.
Your smoke demon barely misses the deep elf sorcerer.
The deep elf sorcerer hits you but does no damage.
The deep elf high priest completely misses your smoke demon.
The deep elf zephyrmancer completely misses you.
The deep elf annihilator casts a spell at you.
The crystal spear hits you!!!!
Ouch! That really hurt!
You die...
Jiyva sends a jelly to digest your remains.

▓▓▓▓▓▓▓▓▓▓▓▓
▓§..ß©ß...▓...ß©ß...▓.
▓..)))[!/.▓..=).))..▓.
▓..|:||[e.▓..).[):..▓.
▓....§....▓.........▓.
▓.°.E...e.▓.........▓.
▓..E3(.e..▓....†....▓.
▓.eeee....▓...†††...▓.
▓..▓3@e▓..▓.........▓.
▓.▓.3...▓.▓.▓.....▓.▓.
▓....©....▓....©....▓▓
▓▓▓▓▓▓▓▓▓▓▓▓▓▓▓▓▓▓▓▓▓


You could see a deep elf blademaster (corroded, drained), 2 deep elf
annihilators, a deep elf sorcerer (mesmerising, fast, empowered, drained, ally
target), 2 deep elf high priests, a deep elf pyromancer (empowered), a deep elf
zephyrmancer (empowered), 2 fire elementals, a +2 vampiric trident, a friendly
soul eater (summoned), a friendly smoke demon (summoned) and a friendly neqoxec
(summoned).

Vanquished Creatures
  A pandemonium lord (D)
  An entropy weaver (D)
  A radroach (D)
  2 demonic crawlers (D)
  A soul eater (D)
  A sixfirhy (D)
  4 toenail golems (D)
  A large abomination (D)
  A cane toad (D)
  An ice devil (D)
  A guardian mummy (D)
  2 hornets (D)
  2 hellwings (D)
  3 spriggans (D)
  2 fire elementals (D)
  2 basilisks (D)
  A redback (D)
  A hell hound (D)
  2 black bears (D)
  2 wolves (D)
  2 bullfrogs (D)
  A crimson imp (D)
  3 quasits (D)
  3 iron imps (D)
  An iguana (D)
  A mummy (D)
  2 adders (D)
  2 shadow imps (D)
  2 white imps (D)
  2 ufetubi (D)
  A bat skeleton (D)
52 creatures vanquished.

Vanquished Creatures (collateral kills)
  A broodmother (D)
  A mummy priest (D)
  A torpor snail (D)
  2 hornets (D)
  A raiju (D)
  A black bear (D)
  A small abomination (D)
  A wolf (D)
  A quasit (D)
  An adder (D)
  An ufetubus (D)
  2 ball pythons (D)
14 creatures vanquished.

Vanquished Creatures (others)
  2 shard shrikes (shapeshifter) (D)
  4 titans (shapeshifter) (D)
  3 rockslimes (shapeshifter) (D)
  2 ice dragons (shapeshifter) (D)
  2 two-headed ogres (shapeshifter) (D)
  A shock serpent (shapeshifter) (D)
  A fire crab (shapeshifter) (D)
  A deep troll (shapeshifter) (D)
  A swamp dragon (shapeshifter) (D)
  An orb spider (shapeshifter) (D)
  A steelbarb worm (shapeshifter) (D)
  A moth of wrath (shapeshifter) (D)
  A salamander (shapeshifter) (D)
  3 water nymphs (shapeshifter) (D)
  An eye of devastation (shapeshifter) (D)
  An unseen horror (shapeshifter) (D)
  2 merfolk (shapeshifter) (D)
  A hornet (shapeshifter) (D)
  A blink frog (shapeshifter) (D)
  4 dream sheep (shapeshifter) (D)
  A culicivora (shapeshifter) (D)
  A yak (shapeshifter) (D)
  A fire bat (shapeshifter) (D)
  A redback (shapeshifter) (D)
  A naga (shapeshifter) (D)
  A water moccasin (shapeshifter) (D)
  A black bear (shapeshifter) (D)
  5 jellies (D)
  A quasit (D)
47 creatures vanquished.

Grand Total: 113 creatures vanquished

Notes
Turn   | Place    | Note
-------+----------+-------------------------------------------
     0 | D        | Revguard the Coglin Gladiator began the quest for the Orb.
     0 | D        | Reached XP level 1. HP: 16/16 MP: 1/1
     0 | D        | Found a shimmering blue altar of Sif Muna.
     0 | D        | Found a bloodstained altar of Trog.
     0 | D        | Found a sacrificial altar of Ru.
     0 | D        | Found a stormy altar of Qazlal.
     0 | D        | Found an iron altar of Okawaru.
     1 | D        | Found a sparkling altar of Nemelex Xobeh.
     1 | D        | Found a blossoming altar of Fedhas.
     1 | D        | Found the +6 Majin-Bo {spellvamp, MP+6 Int+6}
     1 | D        | Found the +27 heavy crossbow "Sniper" {heavy, Acc+∞ SInv}
     1 | D        | Found the +10 dark maul {heavy}
     1 | D        | Found the +15 Maxwell's patent armour {-Cast -Tele rElec
                  | Will+ rCorr}
     1 | D        | Found the +18 shield of the Gong {Loud rN+ Will+ rCorr
                  | EV-5}
     1 | D        | Found the +16 obsidian axe {drain, demonic, Mesm ^Drain Fly
                  | SInv}
     1 | D        | Found the +7 great mace "Firestarter" {flame, immolate,
                  | rFlCloud rF++}
     1 | D        | Found the +6 shillelagh "Devastator" {shatter}
     1 | D        | Found the +11 plutonium sword {^Contam Stlth-}
     1 | D        | Found the +8 lance "Wyrmbane" {slay drac, rPois rF+ rC+
                  | AC+3}
     1 | D        | Found the +9 sword of Zonguldrok {reap}
     1 | D        | Found the +13 scythe of Curses {drain, curses, ^Drain}
     1 | D        | Found the +9 sword of Power {lifebolt}
     1 | D        | Found the +7 mace of Variability {chaos, chaos arc}
     1 | D        | Found the +11 Singing Sword {sonic wave}
     1 | D        | Found the +8 storm bow {elec, penet}
     3 | D        | Found a transporter.
     3 | D        | Found an ancient bone altar of Kikubaaqudgha.
     3 | D        | Found a viscous altar of Jiyva.
     3 | D        | Found a corrupted altar of Lugonu.
     3 | D        | Found a hazy altar of Hepliaklqana.
     3 | D        | Found a burning altar of Makhleb.
     3 | D        | Found an opulent altar of Gozag.
    67 | D        | Became a worshipper of Jiyva Jotal the Shapeless
    67 | D        | Killed a rockslime
    67 | D        | Killed a swamp dragon
    67 | D        | Killed a fire bat
    68 | D        | Killed a culicivora
    68 | D        | Killed an orb spider
    69 | D        | Reached skill level 3 in Evocations
    69 | D        | Reached XP level 2. HP: 24/24 MP: 2/2
    70 | D        | Killed a rockslime
    70 | D        | Killed a redback
    70 | D        | Killed a hornet
    71 | D        | Killed a titan
    71 | D        | Killed a rockslime
    71 | D        | Killed a water moccasin
    72 | D        | Entered arena 2.
    72 | D        | Noticed a hell hound
    72 | D        | Killed a dream sheep
    72 | D        | Found a transporter.
    73 | D        | Killed an eye of devastation
    73 | D        | Killed a titan
    73 | D        | Killed a two-headed ogre
    73 | D        | Killed a titan
    74 | D        | Killed a hell hound
    74 | D        | Killed a dream sheep
    74 | D        | Killed a shard shrike
    75 | D        | Reached skill level 5 in Axes
    75 | D        | Reached skill level 5 in Evocations
    75 | D        | Reached XP level 3. HP: 30/32 MP: 3/3
    75 | D        | Reached XP level 4. HP: 36/38 MP: 4/4
    75 | D        | Killed a titan
    76 | D        | Killed a black bear
    77 | D        | Killed a merfolk
    77 | D        | Killed a shard shrike
    77 | D        | Killed a water nymph
    78 | D        | Killed a steelbarb worm
    78 | D        | Killed a water nymph
    79 | D        | Killed a shock serpent
    80 | D        | Killed a dream sheep
    80 | D        | Killed an unseen horror
    81 | D        | Entered arena 3.
    81 | D        | Noticed a guardian mummy
    81 | D        | Noticed a mummy priest
    81 | D        | Killed a water nymph
    81 | D        | Found a transporter.
    83 | D        | Killed a two-headed ogre
    84 | D        | Killed a blink frog
    85 | D        | Killed a merfolk
    86 | D        | Reached skill level 5 in Fighting
    86 | D        | Reached skill level 5 in Dodging
    86 | D        | Reached XP level 5. HP: 38/44 MP: 5/5
    87 | D        | Killed a guardian mummy
    87 | D        | Killed a mummy priest
    88 | D        | Reached skill level 10 in Evocations
    88 | D        | Reached XP level 6. HP: 24/56 MP: 6/6
    88 | D        | Reached XP level 7. HP: 27/62 MP: 7/7
    88 | D        | Reached XP level 8. HP: 29/68 MP: 8/8
    88 | D        | Killed a moth of wrath
    89 | D        | Killed a salamander
    90 | D        | Killed a deep troll
    92 | D        | Got the +9 broad axe of Salt {heavy, +Blink rPois rCorr}
    92 | D        | Killed a dream sheep
    93 | D        | Killed a fire crab
    96 | D        | Killed an ice dragon
   100 | D        | Killed an ice dragon
   132 | D        | Killed a yak
   272 | D        | Entered arena 4.
   272 | D        | Reached * piety under Jiyva
   272 | D        | Found a transporter.
   367 | D        | Entered arena 5.
   367 | D        | Noticed a toenail golem
   367 | D        | Noticed a toenail golem
   367 | D        | Noticed a toenail golem
   367 | D        | Noticed a toenail golem
   367 | D        | Found a transporter.
   370 | D        | Killed a toenail golem
   372 | D        | Killed a toenail golem
   372 | D        | Killed a toenail golem
   373 | D        | Reached skill level 11 in Evocations
   373 | D        | Reached XP level 9. HP: 73/77 MP: 9/9
   374 | D        | Killed a toenail golem
   375 | D        | Reached skill level 10 in Axes
   375 | D        | Reached skill level 12 in Evocations
   381 | D        | Entered arena 6.
   381 | D        | Found a transporter.
   381 | D        | Reached ** piety under Jiyva
   392 | D        | Entered arena 7.
   392 | D        | Noticed a cane toad
   393 | D        | Found a transporter.
   395 | D        | Killed a cane toad
   396 | D        | Reached skill level 10 in Fighting
   413 | D        | Entered arena 8.
   413 | D        | Noticed an ice devil
   413 | D        | Noticed a hellwing
   413 | D        | Noticed a hellwing
   414 | D        | Found a transporter.
   417 | D        | Killed a hellwing
   418 | D        | Reached skill level 13 in Evocations
   418 | D        | Reached XP level 10. HP: 80/86 MP: 10/10
   421 | D        | Reached skill level 10 in Dodging
   422 | D        | Reached skill level 10 in Armour
   436 | D        | Entered arena 9.
   436 | D        | Noticed a soul eater
   436 | D        | Noticed Pejuur the pandemonium lord
   436 | D        | Noticed a sixfirhy
   436 | D        | Reached *** piety under Jiyva
   437 | D        | Found a transporter.
   444 | D        | Killed a sixfirhy
   446 | D        | Killed a soul eater
   447 | D        | Reached skill level 14 in Evocations
   449 | D        | Killed Pejuur the pandemonium lord
   450 | D        | Reached skill level 15 in Evocations
   450 | D        | Reached XP level 11. HP: 39/96 MP: 11/11
   457 | D        | Got the Exposition on Damaging Turbulence
   506 | D        | Entered arena 10.
   507 | D        | Found a transporter.
   524 | D        | Entered arena 11.
   524 | D        | Identified the ring of Wicut {rN++ Will++ AC+4 Dex+2}
   524 | D        | Identified the +5 sling of Evolution {heavy, +Blink rPois
                  | rN+ Str+4 Dex-2}
   524 | D        | Identified the ring "Miuwnest" {rElec MP+9 SInv}
   524 | D        | Noticed a spriggan rider
   524 | D        | Gained mutation: You are agile. (Dex +4, Str/Int -1)
                  | [Jiyva's grace]
   524 | D        | Gained mutation: You are very agile. (Dex +8, Str/Int -2)
                  | [Jiyva's grace]
   524 | D        | Gained mutation: You are partially covered in iridescent
                  | scales. (AC +2) [Jiyva's grace]
   524 | D        | Gained mutation: You are mostly covered in iridescent
                  | scales. (AC +4) [Jiyva's grace]
   525 | D        | Found a transporter.
   527 | D        | Reached skill level 16 in Evocations
   548 | D        | Entered arena 12.
   548 | D        | Noticed a demonic crawler
   548 | D        | Noticed an entropy weaver
   548 | D        | Noticed a demonic crawler
   548 | D        | Reached **** piety under Jiyva
   549 | D        | Noticed a radroach
   550 | D        | Noticed a broodmother
   551 | D        | Found a transporter.
   552 | D        | Killed a demonic crawler
   553 | D        | Killed a demonic crawler
   554 | D        | Killed an entropy weaver
   555 | D        | Reached skill level 17 in Evocations
   555 | D        | Reached XP level 12. HP: 31/105 MP: 12/12
   556 | D        | Killed a broodmother
   557 | D        | Killed a radroach
   615 | D        | Entered arena 13.
   615 | D        | Noticed a deep elf sorcerer
   615 | D        | Noticed a deep elf annihilator
   615 | D        | Noticed a deep elf high priest
   616 | D        | Identified the +5 scimitar of Purpose {drain, rElec rC+ rN+
                  | Will-}
   616 | D        | Noticed a deep elf annihilator
   616 | D        | Identified the +5 executioner's axe of the Six Loafs
                  | {venom, Fly rC+}
   616 | D        | Noticed a deep elf blademaster
   616 | D        | Noticed a deep elf high priest
   617 | D        | Found a transporter.
   622 | D        | HP: 5/107 [deep elf sorcerer/+0 long sword (3)]
   623 | D        | Killed from afar by a deep elf annihilator

Illustrated notes

Levels and vault maps discovered:
D:        sprint_v [room_start, room_1, room_2, room_3, room_4, room_5, room_6,
          room_7, room_8, room_9, room_10, room_11, room_12, room_13, room_14,
          room_15, room_16, room_17, room_18, room_19, room_20, room_21,
          room_22, room_23, room_24, room_25, room_26, room_27]

Skill      XL: |  1  2  3  4  5  6  7  8  9 10 11 12 |
---------------+-------------------------------------+-----
Fighting       | 3 4 5 8 9 10 12 13 14 | 14.0
Axes           | 4 5 8 9 10 12 13 14 | 14.1
Armour         | 3 4 7 8 9 11 12 13 | 13.0
Dodging        | 3 4 5 7 8 9 11 12 13 | 13.0
Evocations     | 3 5 10 11 13 15 17 | 17.5
Throwing       | |  1.7

Action                     |  1- 3 |  4- 6 |  7- 9 | 10-12 || total
---------------------------+-------+-------+-------+-------++-------
  Melee: Broad axe         |     4 |     8 |    26 |    50 ||    88
 Invoke: Slimify           |       |       |       |     1 ||     1
    Use: Potion            |     1 |       |       |     5 ||     6
   Stab: Distracted        |       |       |       |     1 ||     1
 Armour: Plate armour      |     3 |     5 |    26 |   107 ||   141
  Dodge: Dodged            |       |     3 |    13 |    39 ||    55

Table legend: (Time is in decaauts)
 A = Elapsed time spent in this place.
 B = Non-inter-level travel time spent in this place.
 C = Inter-level travel time spent in this place.
 D = Time resting spent in this place.
 E = Time spent auto-exploring this place.
 F = Levels seen in this place.
 G = Mean time per level.
                   A        B        C        D        E       F      G
               +--------+--------+--------+--------+--------+-----+--------+
         Total |    625 |    625 |      0 |    325 |      0 |   1 |  625.0 |
       Dungeon |    625 |    625 |      0 |    325 |      0 |   1 |  625.0 |
               +--------+--------+--------+--------+--------+-----+--------+

Top non-repeatable levels by time:
       D: 625 daAuts
